 Dungeon Crawl Stone Soup version 0.25-a0-665-ga69d64035b (webtiles) character file.

Game seed: 10800958801996428961, levelgen mode: deterministic

13164 DasRunzen the Ducker (level 11, -3/92 HPs)
             Began as a Demigod Gladiator on Mar 26, 2020.
             Slain by a five-headed hydra (10 damage)
             ... on level 14 of the Dungeon.
             The game lasted 00:27:24 (9711 turns).

DasRunzen the Ducker (Demigod Gladiator)            Turns: 9711, Time: 00:27:24

Health: -3/92      AC: 14    Str: 17      XL:     11   Next: 44%
Magic:  24/24      EV: 18    Int: 25 (26) God:
Gold:   504        SH:  8    Dex: 19      Spells: 20/22 levels left

rFire    + . .     SeeInvis .   G - +7 long sword "Seahug" {flame, Int+8}
rCold    . . .     Gourm    .   e - +2 buckler
rNeg     . . .     Faith    .   b - +0 leather armour
rPois    .         Spirit   .   c - +2 helmet
rElec    .         Reflect  .   k - +2 cloak
rCorr    .         Harm     .   F - +0 pair of gloves (curse)
MR       +....                  n - +1 pair of boots
Stlth    +.........             (no amulet)
HPRegen  0.25/turn              m - +4 ring of slaying
MPRegen  0.19/turn              i - +2 ring of dexterity

@: no status effects
A: deterioration 1, fire resistance 1, high mp 1, wild magic 1
a: no special abilities


You were on level 14 of the Dungeon.
You were not hungry.

You visited 1 branch of the dungeon, and saw 14 of its levels.

You collected 504 gold pieces.

Inventory:

Hand Weapons
 w - a +1 long sword of holy wrath
 G - the +7 long sword "Seahug" (weapon) {flame, Int+8}
   (You found it on level 13 of the Dungeon)

   It has been specially enchanted to burn those struck by it, causing extra
   injury to most foes and up to half again as much damage against particularly
   susceptible opponents.
   Big, fiery blades are also staple armaments of hydra-hunters.
   It affects your intelligence (+8).
Missiles
 d - 7 throwing nets (quivered)
Armour
 b - a +0 leather armour (worn)
 c - a +2 helmet (worn)
 e - a +2 buckler (worn)
 k - a +2 cloak (worn)
 n - a +1 pair of boots (worn)
 F - a cursed +0 pair of gloves (worn)
Jewellery
 h - an uncursed amulet of magic regeneration
 i - a +2 ring of dexterity (right hand)
 j - an uncursed ring of flight
 m - a +4 ring of slaying (left hand)
 o - an uncursed ring of protection from magic {unknown}
 v - a +6 ring of dexterity
 x - an uncursed ring of magical power {unknown}
 D - a cursed ring of attention {unknown}
Wands
 a - a wand of flame (15)
 p - a wand of enslavement (8)
 t - a wand of scattershot (3)
 u - a wand of iceblast (25)
 y - a wand of digging (5)
 B - a wand of paralysis (7)
Scrolls
 l - 2 scrolls of fear
 r - a scroll of teleportation
 s - 3 scrolls of remove curse
 C - a scroll of magic mapping
 E - a scroll of identify
Potions
 g - a potion of ambrosia
 q - a potion of curing
 z - a potion of stabbing
 H - a potion of mutation
 I - a potion of lignification {unknown}
Comestibles
 f - 19 rations
 A - 4 chunks of flesh


   Skills:
 + Level 7.2 Fighting
 + Level 7.5 Long Blades
 - Level 1.7 Throwing
 + Level 6.8 Armour
 + Level 7.6 Dodging
 + Level 7.0 Shields
 + Level 6.3 Spellcasting
 + Level 2.8 Poison Magic


You had 20 spell levels left.
You knew the following spells:

 Your Spells              Type           Power        Failure   Level  Hunger
a - Poisonous Vapours     Pois/Air       ###...       12%         2    None

Your spell library contained the following spells:

 Spells                   Type           Power        Failure   Level  Hunger
 Animate Skeleton         Necr           N/A          13%         1    None
 Apportation              Tloc           ##....       13%         1    None
 Beastly Appendage        Tmut           ##....       13%         1    None
 Corona                   Hex            ##.....      13%         1    None
 Shock                    Conj/Air       ##..         13%         1    None
 Summon Small Mammal      Summ           ##..         13%         1    None
 Call Imp                 Summ           ##......     19%         2    None
 Sticks to Snakes         Tmut           ##......     19%         2    None
 Swiftness                Chrm/Air       ##......     19%         2    None
 Spider Form              Tmut/Pois      ###.......   21%         3    None
 Mephitic Cloud           Conj/Pois/Air  ###.....     24%         3    None
 Call Canine Familiar     Summ           ##......     34%         3    None
 Confusing Touch          Hex            ##......     34%         3    None
 Conjure Flame            Conj/Fire      ##......     34%         3    None
 Gell's Gravitas          Tloc           ##........   34%         3    None
 Static Discharge         Conj/Air       ##......     34%         3    None
 Summon Guardian Golem    Hex/Summ       ##......     34%         3    None
 Airstrike                Air            ##........   71%         4    ###....
 Ice Form                 Ice/Tmut       ##......     71%         4    ###....
 Petrify                  Tmut/Erth      ##......     71%         4    ###....
 Summon Ice Beast         Ice/Summ       ##......     71%         4    ###....
 Summon Lightning Spire   Summ/Air       ##......     71%         4    ###....
 Blade Hands              Tmut           ##........   96%         5    #####..
 Lightning Bolt           Conj/Air       ##........   96%         5    #####..
 Metabolic Englaciation   Hex/Ice        ##........   96%         5    #####..
 Yara's Violent Unravell  Hex/Tmut       ##........   96%         5    #####..
 Freezing Cloud           Conj/Ice/Air   ##........   100%        6    ######.
 Ring of Flames           Chrm/Fire      ##........   100%        7    #######


Dungeon Overview and Level Annotations

Branches:
Dungeon (14/15)            Temple (0/1) D:7             Orc (0/2) D:10
   Lair: D:8-11      Vaults: D:13-14

Shops:
D:8 %


Innate Abilities, Weirdness & Mutations

You have an increased reservoir of magic. (+10% MP)
Your body sometimes deteriorates upon taking damage.
Your flesh is heat resistant. (rF+)
Your spells are a little harder to cast, but a little more powerful.


Message History

The six-headed hydra misses you.
The six-headed hydra completely misses you.
The six-headed hydra bites you.
* * * LOW HITPOINT WARNING * * *
Unknown command.
You chop one of the six-headed hydra's heads off!
The flame cauterises the wound!
You slash the five-headed hydra! You burn the five-headed hydra.
The five-headed hydra is severely wounded.
You block the five-headed hydra's attack.
The five-headed hydra closely misses you.
You block the five-headed hydra's attack.
The five-headed hydra completely misses you.
The five-headed hydra bites you!
* * * LOW HITPOINT WARNING * * *
You feel better. The five-headed hydra bites you.
* * * LOW HITPOINT WARNING * * *
You block the five-headed hydra's attack. x2
The five-headed hydra bites you!
You die...

#...#......
#...#.....##
#..........##
............#
............#
..#>........# ######
............#####.....#
...........<...D@%....#
..##)......######!....#
..#)[.......# ######
..#.........#
###.........#
#.........# #.........#
##........# ########.


You could see a five-headed hydra.

Vanquished Creatures
  A fire dragon (D:13)
  A centaur warrior (D:13)
  Harold (D:7)
  2 two-headed ogres
  Pikel (D:7)
  2 ugly things
  Maggie (D:6)
  A meliai (D:14)
  A troll (D:13)
  Grinder (D:6)
  Prince Ribbit (D:6)
  A hippogriff (D:2)
  A shadow (D:13)
  4 yaks (D:11)
  A hungry ghost (D:10)
  6 vampire mosquitoes
  2 water moccasins
  Duvessa (D:5)
  Purgy (D:3)
  A sky beast (D:6)
  A black bear (D:8)
  3 orc warriors
  A hornet zombie (D:8)
  5 ice beasts
  A necrophage (D:10)
  An eye of draining (D:11)
  3 ogres
  2 centaurs
  2 big kobolds
  7 bullfrogs
  A wyvern zombie (D:10)
  A wyvern skeleton (D:13)
  Dowan (D:5)
  2 scorpions
  11 killer bees
  7 wights
  4 howler monkeys
  A bullfrog zombie (D:13)
  4 crimson imps
  5 orc priests
  10 hounds
  4 jellies
  2 centaur skeletons
  4 bullfrog skeletons
  2 quasits
  An iguana (D:4)
  8 orc wizards
  7 worker ants
  2 hound skeletons
  7 gnolls
  13 adders
  2 shadow imps (D:9)
  An ooze (D:2)
  An adder zombie (D:5)
  An adder skeleton (D:5)
  2 worms (D:2)
  13 dart slugs
  5 leopard geckos
  31 orcs
  4 bats (D:2)
  4 giant cockroaches
  11 goblins
  6 hobgoblins
  14 jackals
  3 quokkas
  2 ball pythons
  6 frilled lizards
  2 jackal skeletons (D:6)
  16 kobolds
  A quokka skeleton (D:9)
  A quokka zombie (D:3)
  5 rats
285 creatures vanquished.

Vanquished Creatures (others)
  A slave (D:7)
  A scorpion (D:7)
2 creatures vanquished.

Grand Total: 287 creatures vanquished

Notes
Turn   | Place    | Note
-------+----------+-------------------------------------------
     0 | D:1      | DasRunzen the Demigod Gladiator began the quest for the
                  | Orb.
     0 | D:1      | Reached XP level 1. HP: 17/17 MP: 3/3
   193 | D:1      | Reached XP level 2. HP: 21/24 MP: 4/4
   691 | D:2      | Found a sacrificial altar of Ru.
   698 | D:2      | Reached XP level 3. HP: 19/29 MP: 6/6
   838 | D:2      | Reached skill level 1 in Armour
   868 | D:2      | Found a sparkling altar of Nemelex Xobeh.
  1001 | D:2      | Reached skill level 1 in Shields
  1001 | D:2      | Reached skill level 1 in Spellcasting
  1046 | D:2      | Reached XP level 4. HP: 36/36 MP: 8/8
  1060 | D:2      | Found a radiant altar of Vehumet.
  1237 | D:2      | Noticed a hippogriff
  1247 | D:2      | Killed a hippogriff
  1247 | D:2      | Reached XP level 5. HP: 26/44 MP: 8/10
  1683 | D:3      | Reached XP level 6. HP: 44/50 MP: 11/11
  1716 | D:3      | Found a basalt altar of Yredelemnul.
  2119 | D:3      | Found a blossoming altar of Fedhas.
  2119 | D:3      | Noticed Purgy
  2131 | D:3      | Killed Purgy
  2612 | D:4      | Reached XP level 7. HP: 48/57 MP: 13/13
  2821 | D:4      | Found an ancient bone altar of Kikubaaqudgha.
  2979 | D:5      | Entered Level 5 of the Dungeon
  2991 | D:5      | Noticed Duvessa
  2993 | D:5      | Noticed Dowan
  3144 | D:5      | Killed Dowan
  3393 | D:5      | Killed Duvessa
  3494 | D:5      | You fall into a shaft and drop 2 floors!
  3509 | D:7      | Found a staircase to the Ecumenical Temple.
  3545 | D:7      | Reached XP level 8. HP: 52/66 MP: 15/15
  3785 | D:7      | Noticed Harold
  3810 | D:7      | Killed Harold
  3810 | D:7      | Reached skill level 5 in Long Blades
  3810 | D:7      | Reached skill level 5 in Dodging
  4306 | D:7      | Noticed Pikel
  4317 | D:7      | Killed Pikel
  4317 | D:7      | Reached XP level 9. HP: 70/73 MP: 18/18
  4498 | D:6      | Found a sparkling altar of Nemelex Xobeh.
  4540 | D:6      | Reached skill level 5 in Fighting
  4722 | D:6      | Noticed Maggie
  4743 | D:6      | Killed Maggie
  4778 | D:6      | Reached skill level 5 in Shields
  5140 | D:6      | Found a shimmering altar of Xom.
  5140 | D:6      | Noticed Prince Ribbit
  5208 | D:6      | Noticed Grinder
  5210 | D:6      | Paralysed by Grinder for 6 turns
  5220 | D:6      | Killed Grinder
  5220 | D:6      | Reached skill level 5 in Armour
  5252 | D:6      | Killed Prince Ribbit
  6142 | D:8      | Noticed a two-headed ogre
  6156 | D:8      | HP: 2/74 [two-headed ogre/+0 giant spiked club (27)]
  6158 | D:8      | Killed a two-headed ogre
  6158 | D:8      | Reached skill level 5 in Spellcasting
  6158 | D:8      | Reached XP level 10. HP: 2/83 MP: 21/21
  6504 | D:8      | Found Tuduwune's Food Shop.
  7104 | D:9      | Found a shattered altar of Ashenzari.
  7484 | D:10     | Entered Level 10 of the Dungeon
  7495 | D:10     | Found a staircase to the Orcish Mines.
  7683 | D:10     | Gained mutation: You have a pair of small horns on your
                  | head. [potion of mutation]
  7683 | D:10     | Gained mutation: You are partially covered in slimy green
                  | scales. (AC +2) [potion of mutation]
  7684 | D:10     | Lost mutation: You have a pair of small horns on your head.
                  | [potion of mutation]
  7684 | D:10     | Lost mutation: You are partially covered in slimy green
                  | scales. (AC +2) [potion of mutation]
  7684 | D:10     | Gained mutation: Your spells are a little harder to cast,
                  | but a little more powerful. [potion of mutation]
  7684 | D:10     | Gained mutation: Your body sometimes deteriorates upon
                  | taking damage. [potion of mutation]
  7684 | D:10     | Gained mutation: Your flesh is heat resistant. (rF+)
                  | [potion of mutation]
  8025 | D:10     | You fall into a shaft and drop 1 floor!
  8410 | D:11     | Learned a level 2 spell: Poisonous Vapours
  8420 | D:11     | You fall into a shaft and drop 2 floors!
  8438 | D:13     | HP: 3/84 [troll (5)]
  8617 | D:13     | Got a steaming long sword
  8618 | D:13     | Identified the +7 long sword "Seahug" {flame, Int+8} (You
                  | found it on level 13 of the Dungeon)
  8622 | D:13     | Noticed a fire dragon
  8634 | D:13     | Killed a fire dragon
  8634 | D:13     | Reached skill level 1 in Poison Magic
  8857 | D:13     | Noticed a centaur warrior
  8870 | D:13     | Killed a centaur warrior
  8870 | D:13     | Reached XP level 11. HP: 27/91 MP: 23/23
  9160 | D:13     | Noticed a two-headed ogre
  9168 | D:13     | Killed a two-headed ogre
  9438 | D:12     | Noticed an eight-headed hydra
  9559 | D:11     | You fall into a shaft and drop 3 floors!
  9699 | D:13     | Noticed a seven-headed hydra
  9711 | D:14     | Slain by a five-headed hydra

Levels and vault maps discovered:
D:1:      arrival_zaba_pyramid, layout_loops_ring
D:2:      minmay_razor_zed, layout_rooms, overflow_temple_1_default,
          overflow_temple_1_default, first_ration, nemelex_diamond_rough_becter
D:3:      kennysheep_slugbush, layout_basic, yredelemnul_altar_generic,
          lemuel_doored_altar, uniq_purgy
D:4:      layout_rooms, kiku_gazebo_pond_becter
D:5:      layout_loops_ring, chequers_serial_rivers_small_a, uniq_duvessa
D:6:      layout_basic, nemelex_xobeh_ov_fountains_minmay, basic_altar,
          uniq_maggie, uniq_grinder, uniq_prince_ribbit1
D:7:      layout_basic, minmay_temple_entry_large_hall, uniq_harold, uniq_pikel
D:8:      layout_gridville, serial_shops, shop
D:9:      layout_basic, nicolae_ashenzari_panopticon
D:10:     layout_long_grid, lair_entry_dummy, david_orc_2
D:11:     layout_rooms
D:12:     layout_loops_cross, serial_shops, shop, uniq_snorg, uniq_frances
D:13:     layout_irregular_city, grunt_ogre_cave, st_stairs_9
D:14:     layout_rooms, hangedman_vaults_entry_quadrant_bands,
          columned_hall_lemuel

Skill      XL: |  1  2  3  4  5  6  7  8  9 10 11 |
---------------+----------------------------------+-----
Fighting       | 2 3 4 5 6 7 |  7.2
Long Blades    | 3 4 5 6 7 |  7.5
Armour         | 1 2 3 4 5 6 |  6.8
Dodging        | 3 4 5 6 7 |  7.6
Shields        | 1 2 3 4 5 6 7 |  7.0
Spellcasting   | 1 2 3 4 5 6 |  6.3
Poison Magic   | 1 2 |  2.8
Throwing       | |  1.7

Action                   |  1- 3 |  4- 6 |  7- 9 | 10-12 || total
-------------------------+-------+-------+-------+-------++-------
Melee: Long sword        |    81 |   150 |   335 |   373 ||   939
Evoke: Wand              |       |       |       |     1 ||     1
  Use: Scroll            |     7 |     2 |     7 |     6 ||    22
       Potion            |       |     1 |     1 |     6 ||     8
 Stab: Sleeping          |       |     3 |       |       ||     3
       Invisible         |       |     3 |       |       ||     3
  Eat: Chunk             |       |     6 |     8 |    10 ||    24
       Ration            |       |       |     1 |     1 ||     2
Armor: Leather armour    |    31 |    77 |    76 |   112 ||   296
Dodge: Dodged            |    52 |   128 |   220 |   336 ||   736
Block: Buckler           |    17 |    35 |   106 |   192 ||   350
       Rpst.: Long sword |    20 |    29 |    49 |    89 ||   187

Table legend:
 A = Non-vault XP
 B = Vault XP
 C = Vault XP percentage of total XP
 D = Non-vault monster count
 E = Vault monster count
 F = Vault count percentage of total count
                 A         B        C        D         E       F
            +---------+---------+-------+---------+---------+-------
      Total |   14844 |    3962 |  21.1 |     246 |      39 |  13.7
            +---------+---------+-------+---------+---------+-------
        D:1 |      33 |       0 |   0.0 |      17 |       0 |   0.0
        D:2 |     376 |      37 |   9.0 |      28 |      11 |  28.2
        D:3 |     185 |     180 |  49.3 |      20 |      12 |  37.5
        D:4 |     170 |       0 |   0.0 |       9 |       0 |   0.0
        D:5 |     327 |     209 |  39.0 |      20 |       2 |   9.1
        D:6 |     857 |     934 |  52.1 |      19 |       3 |  13.6
        D:7 |     697 |    1546 |  68.9 |      13 |       2 |  13.3
        D:8 |    2137 |       0 |   0.0 |      30 |       0 |   0.0
        D:9 |     660 |     130 |  16.5 |      18 |       1 |   5.3
       D:10 |    1446 |      21 |   1.4 |      25 |       7 |  21.9
       D:11 |    2218 |       0 |   0.0 |      22 |       0 |   0.0
       D:12 |    1334 |       0 |   0.0 |       7 |       0 |   0.0
       D:13 |    3476 |     905 |  20.7 |      10 |       1 |   9.1
       D:14 |     928 |       0 |   0.0 |       8 |       0 |   0.0
            +---------+---------+-------+---------+---------+-------
